 Dungeon Crawl Stone Soup version 0.23-a0-395-gcf17ac6 (webtiles) character file.

3707 HDogLeCool the Cleaver (level 9, -4/72 HPs)
             Began as a Demonspawn Fighter on Nov 1, 2018.
             Was a Priest of Qazlal.
             Killed from afar by an electric eel (9 damage)
             ... with a bolt of electricity
             ... on level 7 of the Dungeon.
             The game lasted 00:31:50 (7220 turns).

HDogLeCool the Cleaver (Demonspawn Fighter)         Turns: 7220, Time: 00:31:51

Health: -4/72      AC: 24    Str: 21    XL:     9   Next: 91%
Magic:  0/9        EV: 12    Int:  9    God:    Qazlal [***...]
Gold:   267        SH: 14    Dex: 14    Spells: 8/8 levels left

rFire    + . .     SeeInvis .   a - +1 war axe
rCold    . . .     Gourm    .   c - +0 shield
rNeg     . . .     Faith    .   x - +3 chain mail {rF+}
rPois    .         Spirit   +   (no helmet)
rElec    .         Reflect  .   r - scarf {Spirit}
rCorr    .         Harm     .   (no gloves)
MR       .....                  (no boots)
Stlth    ..........             p - amulet of Moodiness {RegenMP Dex+2}
HPRegen  0.22/turn              n - +4 ring of evasion
MPRegen  0.36/turn              (no ring)

@: sanguine armour
A: talons 1, rot immunity, sanguine armour 3
a: Upheaval, Elemental Force, Renounce Religion


You were on level 7 of the Dungeon.
You worshipped Qazlal.
Qazlal was most pleased with you.
You were not hungry.

You visited 1 branch of the dungeon, and saw 7 of its levels.

You collected 267 gold pieces.

Inventory:

Hand Weapons
 a - a +1 war axe (weapon)
 y - the cursed +1 war axe of Paclauc {protect, rF+ rC+ Int-4 Dex+5}
   (You took it off a gnoll on level 7 of the Dungeon)

   It protects the one who uses it against injury (+AC on strike).
   It affects your intelligence (-4).
   It affects your dexterity (+5).
   It protects you from fire.
   It protects you from cold.
   It has a curse placed upon it.
Missiles
 h - 135 stones (quivered)
Armour
 c - a +0 shield (worn)
 l - a +1 robe of magic resistance
 r - a scarf of spirit shield (worn)
 x - a +3 chain mail of fire resistance (worn)
Jewellery
 n - a +4 ring of evasion (left hand)
 p - the amulet of Moodiness (around neck) {RegenMP Dex+2}
   (You found it on level 4 of the Dungeon)

   [amulet of magic regeneration]

   It increases your magic regeneration.
   It affects your dexterity (+2).
 z - the ring of the Final Decision {rF+ Stlth-}
   (You took it off an orc wizard on level 7 of the Dungeon)

   [ring of attention]

   It protects you from fire.
   It makes you less stealthy.
Wands
 b - a wand of flame (13)
 i - a wand of polymorph (4)
Scrolls
 e - 2 scrolls of fog {unknown}
 j - a scroll of enchant weapon
 o - 6 scrolls of identify
 u - 2 scrolls of teleportation {unknown}
 v - a scroll of blinking
Potions
 d - 2 potions of ambrosia {unknown}
 g - a potion of brilliance {unknown}
 k - a potion of curing {unknown}
 m - 2 potions of flight {unknown}
 q - a potion of haste
 s - 2 potions of lignification {unknown}
 t - a potion of agility {unknown}
Comestibles
 f - 9 rations
 w - 9 chunks of flesh


   Skills:
 + Level 7.0 Fighting
 * Level 8.4 Axes
 - Level 3.0 Armour
 - Level 5.3 Dodging
 - Level 2.0 Stealth
 + Level 6.3 Shields


You had 8 spell levels left.
You didn't know any spells.
Your spell library was empty.

Dungeon Overview and Level Annotations

Branches:
Dungeon (7/15)             Temple (0/1) D:6

Altars:
Elyvilon
Hepliaklqana
Makhleb
Nemelex Xobeh
Qazlal
Sif Muna


Innate Abilities, Weirdness & Mutations

You have sharp toenails.
You are immune to rotting.
When seriously injured, your bleeding wounds create very thick armour. (AC +12)


Message History

The electric eel is heavily wounded.
The electric eel shoots out a bolt of lightning at you!
The bolt of electricity misses you.
You slash the electric eel! You claw the electric eel.
You kill the electric eel!
Qazlal accepts your kill.
You slash the electric eel! You claw the electric eel.
The electric eel is almost dead.
Your chain mail prevents you from hitting the electric eel.
You claw the electric eel, but do no damage.
The electric eel is almost dead.
You hit the electric eel.
You kill the electric eel!
Qazlal accepts your kill.
You hit the electric eel but do no damage.
You claw the electric eel.
The electric eel is lightly wounded.
The electric eel shoots out a bolt of lightning at you!
The bolt of electricity hits you!
You die...

#..#.≈≈≈†#......#≈
.....≈≈≈[........;≈
##...≈≈≈†#......#≈≈≈P...
##...P≈≈.###....###.;≈..##.
≈##.##.≈≈≈#......#≈≈≈≈P...
≈≈##.##.≈≈........≈≈≈≈≈.P .
≈≈≈##..≈≈≈#......#≈≈≈≈P##..
.≈≈≈##.#≈###....###≈≈....#
#P.≈≈##.≈.#.....@#≈≈P..#
#.≈≈≈≈##≈≈.......;≈..#
#≈≈≈≈≈≈##≈≈......≈.###
#≈≈≈≈≈≈≈###.....≈≈##≈≈≈P..#
#.≈≈≈)≈≈≈####'##### ≈≈.P.##
#..≈≈≈≈≈≈≈≈##..# ≈≈≈...#
.PP.≈≈≈≈≈≈###''## ≈≈≈≈.P#
####≈≈≈≈≈###....#
####≈≈PP.# ≈≈≈≈≈≈≈≈≈#
#....# #≈≈≈≈....#


You could see an electric eel.

Vanquished Creatures
  Pikel (D:5)
  Sigmund (D:6)
  Edmund (D:5)
  2 orc warriors
  A phantom (D:5)
  3 ice beasts (D:5)
  An ogre (D:4)
  A slave (D:5)
  2 centaurs (D:7)
  2 bullfrogs (D:7)
  A gnoll sergeant (D:7)
  A scorpion (D:7)
  9 killer bees (D:7)
  5 electric eels (D:7)
  6 howler monkeys
  3 crimson imps
  A bullfrog zombie (D:5)
  A hound (D:5)
  A bullfrog skeleton (D:5)
  A jelly (D:7)
  A centaur skeleton (D:7)
  6 orc priests
  An iron imp (D:6)
  An iguana (D:5)
  3 worker ants
  Ijyb (D:3)
  Natasha (twice) (D:2)
  7 orc wizards
  A hound skeleton (D:4)
  A worker ant zombie (D:5)
  4 gnolls (D:7)
  8 adders
  A shadow imp (D:5)
  2 oozes
  An adder skeleton (D:7)
  A worm (D:5)
  4 dart slugs
  3 leopard geckos (D:2)
  31 orcs
  A ball python (D:2)
  8 bats
  A giant cockroach (D:4)
  9 goblins
  8 hobgoblins
  13 jackals
  4 kobolds
  3 quokkas
  12 frilled lizards
  4 rats
186 creatures vanquished.

Vanquished Creatures (others)
  A hound (D:6)
  An orc wizard (D:3)
  An adder (D:7)
  2 orcs (D:7)
  A plant (D:7)
6 creatures vanquished.

Grand Total: 192 creatures vanquished

Notes
Turn   | Place    | Note
-------+----------+-------------------------------------------
     0 | D:1      | HDogLeCool the Demonspawn Fighter began the quest for the
                  | Orb.
     0 | D:1      | Reached XP level 1. HP: 18/18 MP: 1/1
    58 | D:1      | Reached skill level 2 in Axes
    77 | D:1      | Gained mutation: You have sharp toenails. [demonic
                  | ancestry]
    77 | D:1      | Reached XP level 2. HP: 18/24 MP: 2/2
   450 | D:1      | Gained mutation: When seriously injured, your bleeding
                  | wounds create armour. (AC +12) [demonic ancestry]
   450 | D:1      | Reached XP level 3. HP: 29/29 MP: 3/3
  1053 | D:2      | Noticed Natasha
  1065 | D:2      | Killed Natasha
  1065 | D:2      | Reached skill level 1 in Dodging
  1065 | D:2      | Reached XP level 4. HP: 20/36 MP: 4/4
  1314 | D:2      | Noticed Natasha
  1326 | D:2      | Killed Natasha
  1467 | D:2      | Reached skill level 1 in Stealth
  1539 | D:2      | Found a hazy altar of Hepliaklqana.
  1542 | D:2      | Found a burning altar of Makhleb.
  1547 | D:2      | Found a stormy altar of Qazlal.
  1760 | D:2      | Became a worshipper of Qazlal Stormbringer
  1906 | D:3      | Gained mutation: You are immune to rotting. [demonic
                  | ancestry]
  1906 | D:3      | Reached XP level 5. HP: 34/42 MP: 5/5
  1922 | D:3      | Reached skill level 3 in Axes
  2034 | D:3      | Noticed Ijyb
  2195 | D:3      | Paralysed by Ijyb for 2 turns
  2206 | D:3      | Killed Ijyb
  2602 | D:4      | Got a coiled copper amulet
  2631 | D:4      | Reached XP level 6. HP: 48/48 MP: 6/6
  2728 | D:4      | Found a white marble altar of Elyvilon.
  2952 | D:4      | Identified the amulet of Moodiness {RegenMP Dex+2} (You
                  | found it on level 4 of the Dungeon)
  3501 | D:5      | Entered Level 5 of the Dungeon
  3501 | D:5      | Noticed Edmund
  3569 | D:5      | Noticed an ice beast
  3575 | D:5      | Noticed a steam dragon
  3575 | D:5      | an ice beast changed into a steam dragon
  3696 | D:5      | Reached XP level 7. HP: 54/55 MP: 7/7
  3784 | D:5      | Reached skill level 4 in Axes
  3847 | D:5      | a steam dragon changed into an ice beast
  3976 | D:5      | Reached * piety under Qazlal
  4279 | D:5      | Killed Edmund
  4279 | D:5      | Reached skill level 5 in Axes
  4279 | D:5      | Gained mutation: When seriously injured, your bleeding
                  | wounds create thick armour. (AC +12) [demonic ancestry]
  4279 | D:5      | Reached XP level 8. HP: 33/61 MP: 8/8
  4426 | D:5      | Reached skill level 5 in Fighting
  5032 | D:6      | Noticed Pikel
  5191 | D:5      | Killed Pikel
  5191 | D:5      | Reached skill level 6 in Axes
  5191 | D:5      | Reached skill level 5 in Dodging
  5317 | D:6      | Noticed Grinder
  5332 | D:6      | Noticed Grinder
  5332 | D:6      | Grinder changed into Grinder the iron imp
  5335 | D:6      | Killed Grinder the iron imp
  5359 | D:6      | Reached skill level 5 in Shields
  5447 | D:6      | Reached ** piety under Qazlal
  5590 | D:6      | Noticed Sigmund
  5592 | D:6      | Gained mutation: When seriously injured, your bleeding
                  | wounds create very thick armour. (AC +12) [demonic
                  | ancestry]
  5592 | D:6      | Reached XP level 9. HP: 69/69 MP: 9/9
  5619 | D:6      | Killed Sigmund
  6145 | D:6      | Found a sparkling altar of Nemelex Xobeh.
  6423 | D:6      | Found a staircase to the Ecumenical Temple.
  6535 | D:7      | Found a deep blue altar of Sif Muna.
  6564 | D:7      | Reached skill level 7 in Axes
  6806 | D:7      | Identified the cursed +1 war axe of Paclauc {protect, rF+
                  | rC+ Int-4 Dex+5}
  6900 | D:7      | Reached skill level 8 in Axes
  6903 | D:7      | Reached *** piety under Qazlal
  7131 | D:7      | Identified the ring of the Final Decision {rF+ Stlth-}
  7220 | D:7      | Killed from afar by an electric eel

Vault maps used:
D:1:      dpeg_arrival_houses_and_road, minmay_lizard_pond
D:2:      gammafunk_temple_overflow_forgotten, uniq_natasha
D:3:      zin_statuary, first_ration, uniq_ijyb
D:4:      nicolae_overflow_crystal_walls, roderic_serpentine_path
D:5:      uniq_edmund
D:6:      minmay_temple_entry_nine_rooms, nemelex_xobeh_ov_fountains_minmay,
          uniq_pikel, uniq_grinder, uniq_sigmund
D:7:      wad_lake_hut, lemuel_round_altar, ashenzari_altar_1, enter_ossuary_5,
          led_sif_book

Skill      XL: |  1  2  3  4  5  6  7  8  9 |
---------------+----------------------------+-----
Axes           | 2 3 5 6 8 |  8.4
Armour         | 3 |  3.0
Shields        | 3 4 5 6 |  6.3
Dodging        | 1 2 3 4 5 |  5.3
Stealth        | 1 2 |  2.0
Fighting       | 4 5 7 |  7.0

Action                   |  1- 3 |  4- 6 |  7- 9 || total
-------------------------+-------+-------+-------++-------
Melee: War axe           |    95 |    91 |   362 ||   548
       Kick              |    15 |    43 |   112 ||   170
       Hand axe          |     9 |    58 |       ||    67
Throw: Stone             |       |       |    29 ||    29
Evoke: Wand              |       |     2 |     6 ||     8
  Use: Scroll            |       |     9 |     1 ||    10
       Potion            |       |     1 |     3 ||     4
  Eat: Chunk             |     1 |     7 |    13 ||    21
Armor: Scale mail        |    46 |    63 |    22 ||   131
       Chain mail        |       |       |   118 ||   118
Dodge: Dodged            |    23 |    40 |   176 ||   239
Block: Shield            |    57 |    79 |   220 ||   356

Table legend:
 A = Non-vault XP
 B = Vault XP
 C = Vault XP percentage of total XP
 D = Non-vault monster count
 E = Vault monster count
 F = Vault count percentage of total count
                 A         B        C        D         E       F
            +---------+---------+-------+---------+---------+-------
      Total |    4169 |    1128 |  21.3 |     176 |      12 |   6.4
            +---------+---------+-------+---------+---------+-------
        D:1 |      42 |       6 |  12.5 |      22 |       6 |  21.4
        D:2 |     107 |      36 |  25.2 |      27 |       1 |   3.6
        D:3 |     102 |      36 |  26.1 |      13 |       1 |   7.1
        D:4 |     225 |       0 |   0.0 |      11 |       0 |   0.0
        D:5 |    1117 |     780 |  41.1 |      39 |       2 |   4.9
        D:6 |     470 |     270 |  36.5 |      19 |       2 |   9.5
        D:7 |    2106 |       0 |   0.0 |      45 |       0 |   0.0
            +---------+---------+-------+---------+---------+-------
